 Dungeon Crawl Stone Soup version 0.24.0-1-gfbc8707122 (webtiles) character file.

Game seed: 5454389060061837269, levelgen mode: deterministic

1616 Descartes the Skirmisher (level 9, -2/69 HPs)
             Began as a Formicid Abyssal Knight on Oct 25, 2019.
             Was an Elder of Lugonu.
             Slain by an orc warrior
             ... wielding a +0 dire flail
              (18 damage)
             ... on level 6 of the Dungeon.
             The game lasted 00:20:10 (6813 turns).

Descartes the Skirmisher (Formicid Abyssal Knight)  Turns: 6813, Time: 00:20:11

Health: -2/69      AC: 14    Str: 19    XL:     9   Next: 17%
Magic:  0/22       EV:  9    Int: 12    God:    Lugonu [****..]
Gold:   257        SH:  4    Dex: 11    Spells: 8/8 levels left

rFire    + . .     SeeInvis +   H - +2 whip (flame)
rCold    . . .     Gourm    .   G - +0 buckler
rNeg     . . .     Faith    .   n - +0 shadow dragon scales
rPois    .         Spirit   +   (helmet unavailable)
rElec    .         Reflect  .   (no cloak)
rCorr    .         Harm     .   i - +1 pair of gloves
MR       .....                  (no boots)
Stlth    ++........             D - amulet of guardian spirit
HPRegen  0.21/turn              z - ring of magical power
MPRegen  0.18/turn              h - ring of protection from fire

@: no status effects
A: permanent stasis, dig shafts and tunnels, four strong arms, antennae 3
a: Dig, Shaft Self, Depart the Abyss, Bend Space, Banish, Corrupt, Renounce
Religion


You were on level 6 of the Dungeon.
You worshipped Lugonu.
Lugonu was greatly pleased with you.
You were not hungry.

You visited 2 branches of the dungeon, and saw 7 of its levels.
You visited the Abyss 1 time.

You collected 292 gold pieces.
You spent 35 gold pieces at shops.

Inventory:

Hand Weapons
 a - a +2 hand axe
 r - the +2 long sword of Reason {freeze, Int+5}
   (You found it on level 4 of the Dungeon)

   It has been specially enchanted to freeze those struck by it, causing extra
   injury to most foes and up to half again as much damage against particularly
   susceptible opponents.
   It can also slow down cold-blooded creatures.
   It affects your intelligence (+5).
 H - a +2 whip of flaming (weapon)
Missiles
 e - 260 stones (quivered)
 o - 15 sling bullets
 p - 24 poisoned darts
 s - 7 boomerangs
 u - 36 arrows
 C - 52 bolts
Armour
 i - a +1 pair of gloves (worn)
 n - +0 shadow dragon scales (worn)
 G - a +0 buckler (worn)
Jewellery
 f - an uncursed ring of ice
 h - a ring of protection from fire (right hand)
 z - a ring of magical power (left hand)
 D - an amulet of guardian spirit (around neck)
Wands
 q - a wand of acid (9)
Scrolls
 g - 2 scrolls of amnesia
 k - 3 scrolls of remove curse
 l - a scroll of magic mapping {unknown}
 m - a scroll of teleportation {unknown}
 t - a scroll of fog {unknown}
 x - a scroll of fear
 y - a scroll of enchant armour {unknown}
 A - 2 scrolls of immolation
 B - a scroll of noise {unknown}
 F - a scroll of blinking {unknown}
Potions
 d - 2 potions of invisibility
 j - a potion of cancellation
 v - 2 potions of brilliance
 E - 2 potions of lignification
 I - 2 potions of heal wounds
 J - a potion of agility {unknown}
Comestibles
 b - 5 chunks of flesh
 c - 9 rations


   Skills:
 + Level 6.3 Fighting
 - Level 3.2 Long Blades
 - Level 3.3(3.5) Axes
 + Level 1.3(2.5) Maces & Flails
 + Level 5.7 Armour
 + Level 4.2 Dodging
 * Level 2.1 Shields
 + Level 5.9 Invocations


You had 8 spell levels left.
You didn't know any spells.
Your spell library contained the following spells:

 Spells                   Type           Power        Failure   Level  Hunger
 Flame Tongue             Conj/Fire      #....        98%         1    ##.....
 Throw Flame              Conj/Fire      #.....       99%         2    ###....
 Conjure Flame            Conj/Fire      #.......     100%        3    ####...
 Inner Flame              Hex/Fire       #.......     100%        3    ####...
 Sticky Flame             Conj/Fire      #.......     100%        4    #####..
 Fireball                 Conj/Fire      #.........   100%        5    ######.


Dungeon Overview and Level Annotations

Branches:
Dungeon (6/15)             Temple (1/1) D:4

Altars:
Dithmenos
Makhleb
Nemelex Xobeh
Okawaru
Trog
Yredelemnul
The Shining One

Shops:
D:4 ?


Innate Abilities, Weirdness & Mutations

You cannot be hasted, slowed, berserked, paralysed or teleported.
You can dig through walls and to a lower floor.
Your four strong arms can wield two-handed weapons with a shield.
You have a pair of large antennae on your head. (SInv)


Message History

You hit the orc warrior but do no damage.
The orc warrior is severely wounded.
The orc warrior hits you with a +0 dire flail.
You closely miss the orc warrior.
The orc warrior is severely wounded.
The orc warrior hits you with a +0 dire flail!
You hit the orc warrior but do no damage.
The orc warrior is severely wounded.
You hit the orc warrior. You burn the orc warrior.
The orc warrior is almost dead.
The orc warrior hits you with a +0 dire flail!
* * * LOW HITPOINT WARNING * * *
You hit the orc warrior but do no damage.
The orc warrior is almost dead.
The orc warrior hits you with a +0 dire flail.
* * * LOW HITPOINT WARNING * * *
You completely miss the orc warrior.
The orc warrior is severely wounded.
The orc warrior hits you with a +0 dire flail!!
You die...

#. ..# #. #.#
#. #.# #. #.#
#. #.# #. #.#
#o#####.#####
#oo@...#....#
#######.###.#
#.# #.# ..#
#.# #### #.#
#.# #.# #.#
#.#


You could see an orc warrior, an orc priest and an orc.

Vanquished Creatures
  Pikel (D:5)
  A sky beast (D:3)
  2 slaves (D:5)
  3 bullfrogs
  2 scorpions
  3 howler monkeys
  A crimson imp (D:5)
  2 quasits
  An orc priest (D:6)
  A hound (D:6)
  5 orc wizards
  3 worker ants
  A worker ant zombie (D:5)
  10 adders
  12 gnolls
  An ooze (D:1)
  An adder zombie (D:6)
  2 worms
  A dart slug (D:1)
  3 leopard geckos
  12 orcs
  13 bats
  4 giant cockroaches
  6 goblins
  6 hobgoblins
  4 jackals (D:4)
  A quokka (D:3)
  7 frilled lizards
  A jackal skeleton (D:5)
  8 kobolds
  A leopard gecko zombie (D:2)
  8 rats
127 creatures vanquished.

Vanquished Creatures (others)
  4 toadstools (D:3)
4 creatures vanquished.

Grand Total: 131 creatures vanquished

Notes
Turn   | Place    | Note
-------+----------+-------------------------------------------
     0 | Abyss:1  | Descartes the Formicid Abyssal Knight began the quest for
                  | the Orb.
     0 | Abyss:1  | Reached XP level 1. HP: 18/18 MP: 2/2
    14 | D:1      | Escaped the Abyss
    23 | D:1      | Reached skill level 1 in Dodging
    63 | D:1      | Reached XP level 2. HP: 21/24 MP: 3/3
   280 | D:1      | Reached XP level 3. HP: 16/30 MP: 4/4
   311 | D:1      | Reached ** piety under Lugonu
  1276 | D:2      | Found a glowing golden altar of the Shining One.
  1481 | D:2      | Reached XP level 4. HP: 24/37 MP: 5/5
  1652 | D:2      | Found a burning altar of Makhleb.
  1652 | D:2      | Noticed an Executioner
  1713 | D:2      | Noticed a hellwing
  1713 | D:2      | Noticed a ynoxinul
  1828 | D:2      | Found a shadowy altar of Dithmenos.
  2165 | D:2      | Reached skill level 4 in Fighting
  2216 | D:2      | You fall into a shaft and drop 2 floors!
  2247 | D:4      | Reached XP level 5. HP: 40/42 MP: 7/7
  2325 | D:4      | Reached XP level 6. HP: 11/49 MP: 8/8
  2602 | D:4      | Found Lummea's Magic Scroll Boutique.
  2684 | D:4      | Found a staircase to the Ecumenical Temple.
  2700 | Temple   | Entered the Ecumenical Temple
  2996 | D:4      | Got a crude long sword
  2997 | D:4      | Identified the cursed +2 long sword of Reason {freeze,
                  | Int+5} (You found it on level 4 of the Dungeon)
  3208 | D:4      | Found a bloodstained altar of Trog.
  3412 | D:4      | Bought a scroll of fear for 35 gold pieces
  3471 | D:4      | Reached *** piety under Lugonu
  3915 | D:3      | Reached XP level 7. HP: 53/55 MP: 9/9
  3917 | D:3      | Found an iron altar of Okawaru.
  3955 | D:3      | Reached skill level 1 in Long Blades
  4097 | D:3      | Found an iron altar of Okawaru.
  4106 | D:3      | Reached skill level 5 in Fighting
  5104 | D:5      | Entered Level 5 of the Dungeon
  5249 | D:5      | Reached XP level 8. HP: 51/62 MP: 11/11
  5794 | D:5      | Noticed Pikel
  5830 | D:5      | Killed Pikel
  5830 | D:5      | Reached skill level 6 in Fighting
  5830 | D:5      | Reached skill level 5 in Armour
  5830 | D:5      | Reached skill level 5 in Invocations
  5887 | D:5      | Reached **** piety under Lugonu
  6009 | D:5      | Found a sparkling altar of Nemelex Xobeh.
  6455 | D:6      | Reached skill level 1 in Shields
  6455 | D:6      | Reached XP level 9. HP: 35/69 MP: 13/13
  6472 | D:6      | Reached skill level 1 in Maces & Flails
  6813 | D:6      | Slain by an orc warrior

Levels and vault maps discovered:
D:1:      dpeg_arrival_tiny_d, layout_loops_corners
D:2:      layout_basic, grunt_dithmenos_smoke, old_standard_altar,
          makhleb_altar_promises_db
D:3:      layout_loops_ring, lemuel_crystal_altar, minmay_gold_behind_fungi,
          okawaru_altar_gauntlet_db
D:4:      layout_gridville, lemuel_coloured_pillars_altar,
          minmay_temple_entry_large_hall, serial_shops, shop_statue,
          first_ration, minmay_a_box_with_orc_wizards_in_it
D:5:      layout_layer_cave, nemelex_xobeh_ov_fountains_minmay, uniq_pikel
D:6:      layout_loops_ring, serial_shops, shop_statue
Temple:   nicolae_temple_elliptical

Skill      XL: |  1  2  3  4  5  6  7  8  9 |
---------------+----------------------------+-----
Dodging        | 1 2 3 4 |  4.2
Armour         | 3 4 5 |  5.7
Fighting       | 4 5 6 |  6.3
Invocations    | 3 4 5 |  5.9
Axes           | 3 |  3.3
Long Blades    | 2 3 |  3.2
Shields        | 1 2 |  2.1
Maces & Flails | 1 |  1.3

Action                   |  1- 3 |  4- 6 |  7- 9 || total
-------------------------+-------+-------+-------++-------
Melee: Hand axe          |   131 |    88 |       ||   219
       Long sword        |       |    51 |   175 ||   226
       Whip              |       |       |   122 ||   122
 Abil: Dig               |       |       |     2 ||     2
  Use: Scroll            |     5 |     2 |     5 ||    12
  Eat: Chunk             |     2 |     8 |    10 ||    20
Armor: Leather armour    |    62 |    27 |       ||    89
       Chain mail        |       |    35 |   248 ||   283
       Shadow dragon sca |       |       |    12 ||    12
Dodge: Dodged            |   105 |    68 |   190 ||   363
Block: Buckler           |       |       |    12 ||    12
       Rpst.: Long sword |       |     7 |    27 ||    34
